Map: Jagannatha LE

Players

Trap

  • Race: Protoss Protoss
  • League: Master
  • Spawn Location: 1:00

Rogue - Winner!

  • Race: Zerg Zerg
  • Spawn Location: 7:00

VOD

Have the link to the VOD?

Description

Time

  • Played on: Jan. 13, 2021, 12:03 p.m.
  • Length: 11:34
Show
View Real Time Build Order
Export as new Build Order

Trap Protoss 

Build Orders: 1 Gate Expand, Mass Adepts 

Get SALT Encoding   

  12  0:00  Probe  
  13  0:12  Probe  
  14  0:20  Pylon  
  14  0:24  Probe  
  15  0:29  Assimilator  
  15  0:38  Probe (Chrono Boost)  
  16  0:44  Gateway  
  16  0:49  Probe (Chrono Boost)  
  17  0:54  Probe (Chrono Boost)  
  18  1:04  Probe  
  19  1:16  Probe  
  20  1:23  Nexus  
  20  1:32  Cybernetics Core  
  20  1:36  Probe  
  21  1:42  Assimilator  
  21  1:48  Probe  
  21  1:52  Pylon  
  22  2:00  Probe (Chrono Boost)  
  23  2:07  Stalker (Chrono Boost)  
  23  2:10  Warp Gate  
  23  2:12  Probe (Chrono Boost)  
  26  2:21  Probe (Chrono Boost)  
  26  2:22  Twilight Council  
  27  2:28  Probe (Chrono Boost)  
  28  2:31  Adept  
  28  2:35  Probe (Chrono Boost)  
  33  2:44  Probe x2 (Chrono Boost)  
  33  2:48  Robotics Facility  
  33  2:49  Probe (Chrono Boost)  
  33  2:53  Probe  
  35  3:02  Gateway, Probe  
  35  3:05  Resonating Glaives (Chrono Boost), Probe  
  37  3:13  Adept  
  37  3:15  Probe  
  37  3:17  Probe  
  41  3:32  Gateway  
  41  3:33  Gateway  
  41  3:35  Warp Prism (Chrono Boost)  
  43  3:43  Pylon  
  43  3:44  Probe  
  43  3:46  Probe  
  45  3:52  Shield Battery  
  45  4:01  Adept  
  45  4:02  Adept  
  49  4:06  Pylon  
  49  4:08  Probe x2  
  51  4:10  Assimilator  
  51  4:16  Observer  
  52  4:20  Probe  
  52  4:21  Probe  
  54  4:26  Adept  
  54  4:27  Adept x3  
  62  4:34  Pylon  
  60  4:49  Adept x3  
  60  4:58  Immortal (Chrono Boost)  
  58  5:03  Probe x2  
  52  5:15  Adept x2  
  56  5:22  Adept  
  56  5:23  Adept  
  56  5:27  Nexus  
  60  5:29  Pylon  
  60  5:31  Immortal (Chrono Boost)  
  60  5:40  Probe x2  
  59  5:44  Adept x4, Blink (Chrono Boost)  
  59  5:47  Assimilator  
  59  5:48  Pylon  
  65  5:54  Shield Battery  
  65  6:04  Immortal (Chrono Boost)  
  65  6:06  Adept  
  65  6:07  Adept  
  73  6:13  Sentry  
  73  6:14  Sentry  
  73  6:17  Probe, Forge  
  78  6:25  Pylon  
  78  6:26  Pylon  
  77  6:40  Probe  
  77  6:41  Nexus  
  77  6:44  Sentry x3  
  81  6:50  Protoss Ground Weapons Level 1 (Chrono Boost), Shield Battery  
  81  6:53  Stalker  
  83  7:08  Gateway  
  83  7:09  Gateway  
  83  7:15  Gateway  
  83  7:16  Gateway  
  83  7:18  Immortal (Chrono Boost)  
  87  7:23  Stalker  
  87  7:28  Pylon  
  89  7:32  Zealot  
  91  7:38  Stalker  
  91  7:41  Pylon  
  93  7:45  Pylon  
  93  7:47  Pylon  
  89  8:10  Stalker x4  
  89  8:11  Stalker x2  
  89  8:12  Sentry  
  103  8:13  Stalker  
  101  8:35  Stalker x4  
  101  8:36  Sentry  
  101  8:37  Sentry  
  113  8:41  Stalker  
  113  8:44  Stalker  
  98  8:59  Stalker x3  
  64  9:17  Stalker x4  
  72  9:25  Stalker x2  
  72  9:30  Stalker  
  78  9:36  Stalker  
  80  9:38  Stalker  
  80  9:39  Probe x2  
  80  9:40  Probe  
  80  9:44  Stalker  
  87  10:00  Stalker x4  
  87  10:02  Probe x2  
  97  10:09  Stalker x2  
  101  10:14  Stalker  
  101  10:17  Pylon  
  101  10:19  Stalker  
  105  10:36  Stalker x3  
  105  10:37  Stalker  
  105  10:38  Zealot  
  105  10:41  Stalker  
  105  10:42  Zealot  
  113  11:02  Stalker x3  
  113  11:03  Stalker  
  113  11:04  Zealot x3  
  123  11:07  Zealot  
  123  11:10  Observer  
Show
View Real Time Build Order
Export as new Build Order

Rogue Zerg - Winner!

Build Orders: Hatch First 

Get SALT Encoding   

  12  0:00  Drone  
  13  0:12  Overlord  
  13  0:16  Drone  
  14  0:31  Drone  
  15  0:44  Hatchery  
  15  0:48  Drone  
  15  0:51  Drone  
  15  0:55  Drone  
  17  0:59  Drone  
  18  1:08  Extractor  
  17  1:14  Spawning Pool  
  17  1:17  Drone  
  17  1:21  Drone  
  18  1:31  Drone  
  19  1:42  Drone  
  20  1:52  Overlord  
  20  2:01  Queen x2  
  20  2:02  Zergling x2  
  20  2:03  Zergling x2  
  27  2:08  Drone  
  27  2:12  Metabolic Boost  
  27  2:14  Drone  
  28  2:18  Drone  
  29  2:24  Drone  
  29  2:29  Drone  
  31  2:40  Drone  
  31  2:42  Hatchery  
  31  2:47  Queen  
  31  2:50  Overlord  
  33  2:53  Drone  
  33  2:55  Drone  
  33  2:57  Drone  
  36  3:12  Drone  
  37  3:13  Drone x5  
  42  3:22  Overlord, Queen  
  42  3:26  Overlord  
  44  3:35  Roach Warren  
  44  3:39  Drone  
  44  3:43  Spore Crawler, Drone x3  
  44  3:46  Drone x2  
  48  3:50  Drone  
  48  3:54  Extractor  
  48  3:55  Drone x4  
  52  3:57  Queen  
  52  4:02  Overlord  
  54  4:08  Zergling x8  
  57  4:12  Zergling x2  
  57  4:13  Zergling x2  
  57  4:15  Roach  
  61  4:18  Roach x2  
  61  4:23  Zergling x2  
  66  4:30  Zergling x10  
  66  4:31  Spine Crawler  
  70  4:32  Zergling x2  
  70  4:36  Zergling x2  
  70  4:37  Zergling x2  
  73  4:39  Zergling x2  
  73  4:43  Zergling x4  
  71  4:50  Zergling x2  
  71  4:51  Zergling x8  
  69  4:54  Zergling x2  
  69  4:59  Zergling x2  
  68  5:00  Zergling x2  
  66  5:07  Drone x8  
  66  5:13  Ravager x3  
  73  5:14  Lair  
  73  5:17  Extractor, Drone  
  73  5:22  Overlord  
  73  5:25  Spore Crawler  
  73  5:27  Spore Crawler  
  71  5:29  Drone  
  71  5:31  Drone  
  70  5:36  Drone  
  70  5:40  Drone x4  
  71  5:44  Drone  
  71  5:45  Drone  
  71  5:46  Drone  
  73  5:51  Drone x2  
  75  6:02  Drone x6  
  81  6:04  Overlord  
  81  6:12  Overlord  
  81  6:14  Overlord  
  81  6:15  Glial Reconstitution  
  81  6:17  Extractor  
  80  6:19  Extractor  
  80  6:22  Drone x3  
  80  6:24  Overlord  
  82  6:26  Drone x2  
  82  6:27  Drone  
  82  6:28  Drone  
  86  6:33  Spore Crawler  
  86  6:35  Drone x2  
  84  6:41  Drone x3  
  84  6:42  Drone  
  84  6:43  Drone  
  84  6:45  Drone  
  84  6:46  Drone  
  91  6:50  Roach, Overseer  
  91  6:51  Roach  
  91  6:52  Roach  
  97  6:58  Roach x3  
  97  7:01  Overlord  
  103  7:05  Roach x3  
  109  7:10  Drone x3  
  109  7:12  Extractor  
  111  7:18  Drone  
  111  7:19  Drone  
  111  7:20  Infestation Pit  
  111  7:24  Drone x4, Evolution Chamber, Overseer  
  114  7:32  Overseer  
  114  7:37  Drone  
  114  7:39  Hatchery  
  114  7:41  Overlord x2  
  114  7:42  Hydralisk Den  
  113  7:47  Roach x4  
  121  7:54  Zerg Missile Weapons Level 1  
  119  8:01  Drone x3  
  121  8:08  Ravager x9  
  121  8:09  Roach x3  
  121  8:10  Overlord  
  136  8:17  Overlord x2  
  136  8:18  Hive  
  136  8:22  Overlord  
  136  8:24  Overlord  
  135  8:30  Roach x3  
  135  8:31  Roach x2  
  135  8:32  Roach  
  137  8:36  Ravager x2  
  137  8:37  Zergling x8  
  137  8:39  Zergling x2  
  140  8:43  Roach x3  
  143  8:50  Roach  
  143  8:54  Roach  
  143  8:55  Roach x5  
  134  8:58  Roach  
  134  9:00  Roach  
  117  9:06  Roach x2  
  110  9:12  Zergling x2  
  110  9:13  Zergling x6  
  110  9:14  Zergling x2  
  110  9:15  Zergling x2  
  114  9:21  Roach x2  
  114  9:24  Drone x2  
  119  9:28  Ravager x2  
  119  9:29  Drone x2  
  119  9:30  Drone  
  125  9:33  Drone, Overseer  
  126  9:43  Drone  
  126  9:44  Drone x6, Lurker Den  
  132  9:50  Drone x5  
  137  9:59  Zergling x2  
  137  10:00  Zergling x12  
  142  10:07  Overlord  
  142  10:11  Extractor, Roach x5  
  151  10:16  Overseer  
  151  10:18  Overlord  
  151  10:21  Spore Crawler, Drone x2  
  151  10:22  Drone  
  151  10:25  Overlord  
  151  10:27  Hydralisk x2  
  157  10:29  Hydralisk  
  159  10:36  Overlord x2  
  159  10:38  Ravager x2  
  161  10:46  Ravager x5  
  161  10:47  Ravager  
  161  10:48  Zergling x18  
  174  10:52  Zergling x4  
  174  10:56  Zergling x2  
  170  10:57  Zergling x2  
  170  10:58  Zergling x12  
  170  11:03  Extractor, Lurker  
  170  11:04  Lurker x2  
  177  11:05  Drone x3  
  177  11:06  Zergling x6  
  177  11:11  Overlord  
  183  11:13  Zergling x2  
  183  11:14  Zergling x2  
  183  11:15  Zergling x2  
  183  11:17  Zergling x2  
Tags
 
Add a new tag
Caveats
  • Supply blocks, unpowered buildings, or Contaminate may cause inaccurate times.
  • Supply counts are checked every 10 seconds.